 Dungeon Sprint DCSS version 0.30.1-11-g7821555f0a (webtiles) character file.

Game seed: 2862541371654615269

567 Heoruswealwe the Cleaver (level 7, -5/71 HPs)
             Began as a Hill Orc Fighter on Dec 8, 2023.
             Incinerated by a deep elf pyromancer (8 damage)
             ... with a sticky flame
             ... in the Dungeon (Sprint III: "The Ten Rune Challenge").
             The game lasted 00:02:15 (282 turns).

Heoruswealwe the Cleaver (Hill Orc Fighter)          Turns: 282, Time: 00:02:15

Health: -5/71      AC:  8    Str: 21    XL:     7   Next: 33%
Magic:  7/7        EV:  9    Int:  8    God:
Gold:   29         SH:  6    Dex: 10    Spells: 6/6 levels left

rFire   . . .        a - +0 war axe
rCold   . . .        c - +0 buckler
rNeg    . . .        b - +0 scale mail
rPois   .            (no helmet)
rElec   .            (no cloak)
rCorr   .            (no gloves)
SInv    .            (no boots)
Will    .....        (no amulet) Stlth
                     (no ring)
HPRegen 0.31/turn    (no ring)
MPRegen 0.10/turn

%: no teleportation
@: on fire, glowing
A: no striking features
a: no special abilities


You were in the Dungeon.
You visited 1 branch You collected 29 gold pieces.

Inventory:

Hand Weapons
 a - a +0 war axe (weapon)
Armour
 b - a +0 scale mail (worn)
 c - a +0 buckler (worn)
Scrolls
 j - a scroll of blinking
 m - 2 scrolls of poison {unknown}
 n - a scroll of magic mapping {unknown}
 p - 2 scrolls of identify
Potions
 d - a potion of might
 e - a potion of curing
 g - a potion of haste
 h - 2 potions of magic
 k - a potion of lignification {unknown}
 l - 6 potions of mutation
 o - a potion of flight {unknown}
 q - a potion of ambrosia {unknown}


   Skills:
 + Level 9.9 Fighting
 + Level 10.4 Axes
 + Level 9.1 Armour
 + Level 9.1 Shields


You had 6 spell levels left.
You didn't know any spells.
Your spell library was empty.

Dungeon Overview and Level Annotations

Branches:
Dungeon (1/1)

Altars:
Elyvilon
Zin
The Shining One


Message History

The deep elf pyromancer points at you and mumbles some strange words.
The sticky flame hits you.
You are covered in liquid flames!
You slash the deep elf pyromancer!
The deep elf pyromancer is severely wounded.
You hit the fire elemental but do no damage.
You are covered in liquid flames!
The fire elemental closely misses you.
The deep elf pyromancer gestures at you while chanting.
The sticky flame hits you!
You are covered in liquid flames!
* * * LOW HITPOINT WARNING * * *
You block the fire elemental's attack.
You feel much better.
You are covered in liquid flames!
The fire elemental hits you. The fire elemental burns you!
The deep elf pyromancer gestures at you while chanting.
The sticky flame hits you.
You are covered in liquid flames!
You barely miss the deep elf pyromancer.
The deep elf pyromancer is severely wounded.
You hit the fire elemental but do no damage.
You are covered in liquid flames!
* * * LOW HITPOINT WARNING * * *
You block the fire elemental's attack.
The deep elf pyromancer hits you with a +0 long sword of holy wrath.
* * * LOW HITPOINT WARNING * * *
You slash the deep elf pyromancer!
You kill the deep elf pyromancer!
The fire elemental disappears in a puff of smoke!
You are covered in liquid flames!
* * * LOW HITPOINT WARNING * * *
Your Fighting skill gained 2 levels and is now at level 9!
Your Axes skill gained 3 levels and is now at level 10!
Your Armour skill gained 3 levels and is now at level 9!
Your Shields skill gained 3 levels and is now at level 9!
You have reached level 6!
You have reached level 7!
You are covered in liquid flames!
You die...

▓▓▓▓▓▓▓▓▓ ▓▓▓ ..'...♣.♣♣
♣.##### ..#......♣ ♣.#___#
###......♣ ♣♣.#!@§#
..#....†♣♣♣♣..###'#+###+##
..#...~~♣♣.♣♣.#..........#
..#†.~~~~.♣.♣.'.⌠........#
#'#..~≈≈~~~...#...######+#
†)#.~~≈~~~....#.⌠.#
..#.~≈~~~.....#...#
..#.~~~.......#+###
###...........#


There were no monsters in sight!

Vanquished Creatures
  A deep elf pyromancer (D)
  A water elemental (D)
  A scorpion (D)
  Jessica (D)
  A human (D)
  2 endoplasms (D)
  A rat (D)
8 creatures vanquished.

Notes
Turn   | Place    | Note
-------+----------+-------------------------------------------
     0 | D        | Heoruswealwe the Hill Orc Fighter began the quest for the
                  | Orb.
     0 | D        | Reached XP level 1. HP: 19/19 MP: 1/1
     6 | D        | Reached skill level 3 in Axes
    16 | D        | Noticed Jessica
    23 | D        | Killed Jessica
    24 | D        | Reached skill level 5 in Fighting
    24 | D        | Reached skill level 4 in Axes
    24 | D        | Reached XP level 2. HP: 26/29 MP: 2/2
    24 | D        | Reached XP level 3. HP: 32/36 MP: 3/3
    46 | D        | Noticed a scorpion
    55 | D        | Killed a scorpion
    56 | D        | Reached skill level 6 in Axes
    56 | D        | Reached skill level 5 in Armour
    56 | D        | Reached skill level 5 in Shields
    56 | D        | Reached XP level 4. HP: 39/44 MP: 4/4
   158 | D        | Noticed a water elemental
   163 | D        | Killed a water elemental
   164 | D        | Reached skill level 7 in Axes
   164 | D        | Reached XP level 5. HP: 33/52 MP: 5/5
   272 | D        | Found a glowing silver altar of Zin.
   272 | D        | Found a glowing golden altar of the Shining One.
   272 | D        | Found a white marble altar of Elyvilon.
   273 | D        | Noticed a deep elf pyromancer
   277 | D        | Noticed a fire elemental
   281 | D        | Killed a deep elf pyromancer
   281 | D        | HP: 2/52 [burnt (8)]
   282 | D        | Reached skill level 10 in Axes
   282 | D        | Reached XP level 6. HP: 3/66 MP: 6/6
   282 | D        | Reached XP level 7. HP: 3/71 MP: 7/7
   282 | D        | Incinerated by a deep elf pyromancer

Illustrated notes

Levels and vault maps discovered:
D:        dungeon_sprint_mu [sprint_mu_entry_forest, sprint_mu_temple_rooms,
          sprint_mu_d1_spiders, sprint_mu_d2_genie, sprint_mu_d3_branching,
          sprint_mu_orc_legion, sprint_mu_elf_gauntlet, sprint_mu_hive_nellie,
          sprint_mu_lair_fedhas, sprint_mu_vaults_butterflies,
          sprint_mu_slime_circle, sprint_mu_shoals_kraken,
          sprint_mu_snake_twists, sprint_mu_blade_basic,
          sprint_mu_crypt_fortress, sprint_mu_tomb_spiral,
          sprint_mu_vestibule_basic, sprint_mu_gehenna_hellfire,
          sprint_mu_dis_giant, sprint_mu_tartarus_statrot,
          sprint_mu_cocytus_islands, sprint_mu_zot1]

Skill      XL: |  1  2  3  4  5 |
---------------+----------------+-----
Axes           | 4 6 7 10 | 10.4
Fighting       | 5 6 7 9 |  9.9
Armour         | 4 5 6 9 |  9.1
Shields        | 4 5 6 9 |  9.1

Action                     |  1- 3 |  4- 6 |  7- 9 || total
---------------------------+-------+-------+-------++-------
  Melee: War axe           |    15 |    20 |       ||    35
    Use: Potion            |       |     2 |       ||     2
 Armour: Scale mail        |     9 |     4 |       ||    13
  Dodge: Dodged            |     7 |     3 |       ||    10
  Block: Buckler           |     1 |     2 |       ||     3
